 Dungeon Crawl Stone Soup version 0.31-a0-1009-g454b1f1e0a (webtiles) character file.

Game seed: 2361076981424728440

14 kae the Vexing (level 2, -2/19 HPs)
             Began as a Demonspawn Enchanter on Nov 14, 2023.
             Killed by nerve-wracking pain
             ... invoked by Jessica
              (13 damage)
             ... on level 2 of the Dungeon.
             The game lasted 00:00:19 (718 turns).

kae the Vexing (Demonspawn Enchanter)                Turns: 718, Time: 00:00:19

Health: -2/19      AC:  2    Str:  8    XL:     2   Next: 27%
Magic:  5/5        EV: 12    Int: 16    God:
Gold:   73         SH:  0    Dex: 13    Spells: 5/5 levels left

rFire   . . .        a - +1 dagger
rCold   . . .        (no shield)
rNeg    . . .        b - +0 robe
rPois   .            (no helmet)
rElec   .            (no cloak)
rCorr   .            (no gloves)
SInv    .            (no boots)
Will    .....        (no amulet)
Stlth   ++           (no ring)
HPRegen 0.23/turn    (no ring)
MPRegen 0.09/turn

%: no passive effects
@: no status effects
A: powered by pain 1
a: no special abilities


You were on level 2 of the Dungeon.
You visited 1 branch of the dungeon, and saw 2 of its levels.

You collected 73 gold pieces.


Innate Abilities, Weirdness & Mutations

You sometimes gain a little power by taking damage.


   Skills:
 * Level 1.3 Short Blades
 - Level 1.7 Dodging
 + Level 2.8 Stealth
 + Level 2.1 Spellcasting
 * Level 3.2 Hexes


You had 5 spell levels left.
You didn't know any spells.
Your spell library contained the following spells:

 Spells                   Type           Power      Damage    Failure   Level
 Ensorcelled Hibernation  Hex/Ice        12%        N/A       16%         2
 Confusing Touch          Hex            12%        N/A       16%         3
 Tukima's Dance           Hex            12%        N/A       16%         3
 Lesser Beckoning         Tloc           2%         N/A       30%         2
 Dazzling Flash           Conj/Hex       12%        N/A       30%         3
 Gell's Gravitas          Tloc           1%         N/A       52%         3
 Teleport Other           Tloc           1%         N/A       52%         3

Inventory:

Hand Weapons
 a - a +1 dagger (weapon)
Missiles
 g - 4 poisoned darts
Armour
 b - a +0 robe (worn)
Jewellery
 I - a +6 ring of intelligence
   (You found it on level 1 of the Dungeon)
Scrolls
 d - a scroll of identify {unknown}
 e - 3 scrolls of teleportation {@r4}
Potions
 c - 2 potions of invisibility
 f - a potion of attraction {unknown}

Dungeon Overview and Level Annotations

Branches:
Dungeon (2/15) Zot: 11282

Altars:

Shops:
D:2 ?

Annotations:
D:2 Jessica

##.......(........
................ .
.###.............# ..
..#.^..........# #.
............# #.
#.....)....##
#..##..........###
...#......@........#
.........Kg@.....#.#
.....#.....†.........
##..............#.###.
..$......$........#
#.##................ #
#..........##.##.
##.#....).## .#
#.##.#....


You could see Jessica, a hobgoblin and a kobold.


Message History

A bat is nearby!
A bat is nearby!
The helpless bat fails to defend itself.
You puncture the bat!
You kill the bat!
No target in view!
Found a stone staircase leading down.
e - 4 scrolls labelled YGUXOJUSTREIRCH (gained 3) Key pressed, stopping explore.
No target in view!
No target in view!
You now have 61 gold pieces (gained 11).
Key pressed, stopping explore.
No target in view!
No target in view!
You now have 73 gold pieces (gained 12).
Key pressed, stopping explore.
No target in view!
No target in view!
There is an open door here.
Key pressed, stopping explore.
No target in view!
No target in view!
Key pressed, stopping explore.
No target in view!
No target in view!
You open the door.
Key pressed, stopping explore.
No target in view!
No target in view!
There is an open door here.
There is an open door here.
Key pressed, stopping explore.
No target in view!
No target in view!
Done exploring.
Done exploring.
No target in view!
No target in view!
Done exploring.
No target in view!
No target in view!
Done exploring.
There is a stone staircase leading down here.
You climb downwards.
Found a stone staircase leading down.
There is a stone staircase leading up here.
A worm is nearby!
Okay, then.
As you read the scroll labelled YGUXOJUSTREIRCH, it crumbles to dust.
You feel strangely unstable.
It was a scroll of teleportation.
Found Mawkudot's Magic Scroll Shoppe.
The worm bites you.
You hit the worm. 😮 HP[-5]
You take 5 damage, and now have 14/19 hp.
MASSIVE DAMAGE!! (PAUSE)
You hit the worm.
Your surroundings suddenly seem different.
A dart slug comes into view.
Found a shortbow, 9 stones and 16 gold pieces.
Found a stone staircase leading up and a stone staircase leading down. 😕 HP[+1]
The dart slug launches a dart at you. The slug dart misses you.
A hobgoblin comes into view.
There is a stone staircase leading up here.
You hit the dart slug.
The dart slug barely misses you. 😕 HP[+1]
You hit the dart slug. You hit the dart slug.
You kill the dart slug!
Jessica and a kobold come into view.
Jessica shouts! 😕 HP[+1] Jessica mumbles something strange.
The hobgoblin shouts!
Jessica hits you with a +0 club. 😮 HP[-4]
You take 4 damage, and now have 13/19 hp.
MASSIVE DAMAGE!! (PAUSE)
The kobold shouts!
You hit Jessica. Jessica hits you with a +0 club.
* * * LOW HITPOINT WARNING * * *
😨 HP[-4]
You take 4 damage, and now have 9/19 hp.
MASSIVE DAMAGE!! (PAUSE) Jessica attacks as she pursues you!
Jessica misses you. 😮 HP[+1] Jessica attacks as she pursues you!
Jessica closely misses you.
The hobgoblin attacks as it pursues you!
The hobgoblin hits you but does no damage.
There is a stone staircase leading up here.
You hit the hobgoblin. Jessica barely misses you.
The hobgoblin barely misses you.
You closely miss the hobgoblin. Jessica gestures at you while chanting.
Pain shoots through your body!
Ouch! That really hurt!
You die...

Skill      XL: |  1 |
---------------+----+-----
Short Blades   | 1 |  1.3
Dodging        | |  1.7
Stealth        | |  2.8
Spellcasting   | |  2.1
Hexes          | |  3.2

Action                     || total
---------------------------++-------
  Melee: Dagger            ||    30
    Use: Scroll            ||     1
   Stab: Sleeping          ||     5
 Armour: Robe              ||    13
  Dodge: Dodged            ||    14

Levels and vault maps discovered:
D:1:      lordsloth_arrival_two_stooges, layout_basic, chequers_hall_statues_y,
          minivault_14, minmay_worlds_worst_comb
D:2:      layout_rooms, serial_shops,
          nicolae_shop_temple_entry_statues_fountains,
          hangedman_abyss_or_decor_stabs, minmay_bisected, uniq_jessica,
          uniq_natasha, uniq_crazy_yiuf_cottage

Notes
Turn   | Place    | Note
-------+----------+-------------------------------------------
     0 | D:1      | kae the Demonspawn Enchanter began the quest for the Orb.
     0 | D:1      | Reached XP level 1. HP: 13/13 MP: 3/3
     0 | D:1      | magus.rc [v1.11.3]
    78 | D:1      | Reached skill level 1 in Short Blades
   282 | D:1      | Gained mutation: You sometimes gain a little power by
                  | taking damage. [demonic ancestry]
   282 | D:1      | Reached XP level 2. HP: 12/19 MP: 5/5
   367 | D:1      | You pick up a book of Displacement and begin reading...
   367 | D:1      | You add the spells Lesser Beckoning, Gell's Gravitas and
                  | Teleport Other to your library.
   698 | D:2      | Found Mawkudot's Magic Scroll Shoppe.
   708 | D:2      | Noticed Jessica
   718 | D:2      | Killed from afar by Jessica

Vanquished Creatures
  A dart slug (D:2)
  A bat (D:1)
  5 giant cockroaches (D:1)
  A goblin (D:1)
  A kobold (D:1)
9 creatures vanquished.

Table legend:
 A = Non-vault XP
 B = Vault XP
 C = Vault XP percentage of total XP
 D = Non-vault monster count
 E = Vault monster count
 F = Vault count percentage of total count
                 A         B        C        D         E       F
            +---------+---------+-------+---------+---------+-------
      Total |      10 |      10 |  50.0 |       4 |       5 |  55.6
            +---------+---------+-------+---------+---------+-------
        D:1 |       6 |      10 |  62.5 |       3 |       5 |  62.5
        D:2 |       4 |       0 |   0.0 |       1 |       0 |   0.0
            +---------+---------+-------+---------+---------+-------

Skill      XL: |  1 |
---------------+----+-----
Short Blades   | 1 |  1.3
Dodging        | |  1.7
Stealth        | |  2.8
Spellcasting   | |  2.1
Hexes          | |  3.2

Action                     || total
---------------------------++-------
  Melee: Dagger            ||    30
    Use: Scroll            ||     1
   Stab: Sleeping          ||     5
 Armour: Robe              ||    13
  Dodge: Dodged            ||    14

Illustrated notes

Table legend:
 A = Kills in this place as a percentage of kills in the entire game.
 B = Kills by you in this place as a percentage of kills by you in the entire game.
 C = Kills by friends in this place as a percentage of kills by friends in the entire game.
 D = Other kills in this place as a percentage of other kills in the entire game.
 E = Experience gained in this place as a percentage of experience gained in the entire game.
 F = Experience gained in this place divided by the number of levels of this place that you have seen.
                   A       B       C       D       E      F
               +-------+-------+-------+-------+-------+----------------------
         Total | 100.0 | 100.0 |   N/A |   N/A | 100.0 |  10.0
       Dungeon | 100.0 | 100.0 |   N/A |   N/A | 100.0 |  10.0
               +-------+-------+-------+-------+-------+----------------------

Table legend: (Time is in decaauts)
 A = Elapsed time spent in this place.
 B = Non-inter-level travel time spent in this place.
 C = Inter-level travel time spent in this place.
 D = Time resting spent in this place.
 E = Time spent auto-exploring this place.
 F = Levels seen in this place.
 G = Mean time per level.
                   A        B        C        D        E       F      G
               +--------+--------+--------+--------+--------+-----+--------+
         Total |    716 |    710 |      6 |      0 |    632 |   2 |  358.0 |
       Dungeon |    716 |    710 |      6 |      0 |    632 |   2 |  358.0 |
               +--------+--------+--------+--------+--------+-----+--------+

Top non-repeatable levels by time:
     D:1: 695 daAuts
     D:2: 21 daAuts
